 Dungeon Crawl Stone Soup version 0.25-a0-886-gd7461d2276 (webtiles) character file.

Game seed: 3560236325365894255, levelgen mode: deterministic

14267 Maedhros the Martial Artist (level 12, -18/81 HPs)
             Began as an Octopode Artificer on May 2, 2020.
             Was a High Priest of Cheibriados.
             Demolished by a sun demon (20 damage)
             ... summoned by a kobold demonologist
             ... on level 12 of the Dungeon.
             The game lasted 00:38:48 (7766 turns).

Maedhros the Martial Artist (Octopode Artificer)    Turns: 7766, Time: 00:38:48

Health: -18/81     AC:  3    Str: 22    XL:     12   Next: 14%
Magic:  15/20      EV: 21    Int: 26    God:    Cheibriados [*****.]
Gold:   211        SH:  5    Dex: 28    Spells: 6/21 levels left

rFire    . . .     SeeInvis .   C - +7 fustibalus (freeze)
rCold    . . .     Gourm    .   v - +0 buckler
rNeg     . . .     Faith    .   (helmet restricted)
rPois    .         Spirit   .   (no amulet)
rElec    .         Reflect  .   y - +1 ring of evasion
rCorr    .         Harm     .   c - ring of protection from magic
MR       +....                  (no ring)
Stlth    ++++......             (no ring)
HPRegen  0.23/turn              (no ring)
MPRegen  0.17/turn              (no ring)
                                (no ring)
                                (no ring)

@: very slow
A: almost no armour, stealthy swim, amphibious, 8 rings, constrict 8, icy blue
scales 1, camouflage 1, weak 1, gelatinous body 1
a: Bend Time, Temporal Distortion, Slouch, Step From Time, Renounce Religion


You were on level 12 of the Dungeon.
You worshipped Cheibriados.
Cheibriados was extremely pleased with you.
You were hungry.

You visited 2 branches of the dungeon, and saw 13 of its levels.
You also visited: Bailey.

You collected 869 gold pieces.
You spent 658 gold pieces at shops.

Inventory:

Hand Weapons
 l - the +4 dagger of Grace {vorpal, Int+3}
   (You found it on level 5 of the Dungeon)

   It inflicts extra damage upon your enemies.
   It affects your intelligence (+3).
 n - a +0 hunting sling
 p - a +1 short sword of electrocution
 C - a +7 fustibalus of freezing (weapon)
 J - the +5 rapier of the Hero {vorpal, +Inv rN++ MR+}
   (You found it on level 9 of the Dungeon)

   It inflicts extra damage upon your enemies.
   It greatly protects you from negative energy.
   It affects your resistance to hostile enchantments.
   It lets you turn invisible.
Missiles
 a - 34 poisoned darts
 m - 269 stones (quivered)
 q - 4 atropa-tipped darts
 K - 19 sling bullets
Armour
 v - a +0 buckler (worn)
Magical Staves
 o - an uncursed staff of wizardry
Jewellery
 c - a ring of protection from magic (right tentacle)
 y - a +1 ring of evasion (left tentacle)
Wands
 d - a wand of acid (9)
 A - a wand of digging (7)
 D - a wand of scattershot (12)
Scrolls
 b - 4 scrolls of remove curse
 e - 3 scrolls of fog
 h - 4 scrolls of blinking
 i - 2 scrolls of random uselessness
 u - 3 scrolls of magic mapping
 x - a scroll of summoning
 B - a scroll of identify
 E - 7 scrolls of enchant armour
 I - a scroll of teleportation
Potions
 g - 6 potions of curing
 j - 2 potions of mutation
 k - 7 potions of heal wounds
 r - 3 potions of flight
 s - 2 potions of stabbing {unknown}
 t - 2 potions of might
 w - a potion of invisibility {unknown}
 z - a potion of cancellation {unknown}
 G - 3 potions of lignification
 H - 2 potions of resistance
Comestibles
 f - 21 rations
 F - 3 chunks of flesh


   Skills:
 - Level 7.0 Fighting
 - Level 1.0 Short Blades
 * Level 3.5 Slings
 - Level 7.4 Dodging
 - Level 4.0 Stealth
 - Level 10.4 Unarmed Combat
 * Level 5.4 Spellcasting
 - Level 8.2 Hexes
 + Level 2.6 Earth Magic
 + Level 4.5 Invocations
 + Level 5.0 Evocations


You had 6 spell levels left.
You knew the following spells:

 Your Spells              Type           Power        Failure   Level  Hunger
a - Slow                  Hex            ######..     1%          2    None
b - Cause Fear            Hex            ######....   4%          4    ###....
c - Leda's Liquefaction   Hex/Erth       #####.....   13%         4    ###....
d - Song of Slaying       Chrm           #.......     19%         2    None
e - Mephitic Cloud        Conj/Pois/Air  #.......     36%         3    #......

Your spell library contained the following spells:

 Spells                   Type           Power        Failure   Level  Hunger
 Corona                   Hex            ######.      1%          1    None
 Inner Flame              Hex/Fire       ####....     7%          3    #......
 Portal Projectile        Hex/Tloc       ####..       7%          3    #......
 Spectral Weapon          Hex/Chrm       ####....     7%          3    #......
 Beastly Appendage        Tmut           #.....       12%         1    None
 Infusion                 Chrm           #...         12%         1    None
 Sting                    Tmut/Pois      #...         12%         1    None
 Poisonous Vapours        Pois/Air       #.....       19%         2    None
 Shroud of Golubria       Chrm/Tloc      #.....       19%         2    None
 Sticks to Snakes         Tmut           #.......     19%         2    None
 Ignite Poison            Fire/Tmut/Pois #.......     36%         3    #......
 Ozocubu's Armour         Chrm/Ice       #.......     36%         3    #......
 Spider Form              Tmut/Pois      #.........   36%         3    #......
 Ice Form                 Ice/Tmut       #.......     77%         4    ###....
 Olgreb's Toxic Radiance  Pois           #.......     77%         4    ###....
 Blade Hands              Tmut           #.........   98%         5    #####..


Dungeon Overview and Level Annotations

Branches:
Dungeon (12/15)            Temple (1/1) D:7             Orc (0/2) D:12
 Bailey (visited)
   Lair: D:8-11

Altars:
Ashenzari
Cheibriados
Dithmenos
Elyvilon
Fedhas
Gozag
Hepliaklqana
Kikubaaqudgha
Makhleb
Nemelex Xobeh
Okawaru
Qazlal
Ru
Sif Muna
Trog
Uskayaw
Vehumet
Wu Jian
Xom
Yredelemnul
Beogh

Shops:
D:7 *![*:   D:11 =

Annotations:
D:4 Edmund


Innate Abilities, Weirdness & Mutations

You cannot wear most types of armour.
You are very stealthy in the water. (Stealth+)
You are amphibious.
You can wear up to eight rings at the same time.
You can use your tentacles to constrict eight enemies at once.
Your skin changes colour to match your surroundings (Stealth+).
Your rubbery body absorbs attacks. (AC +1, EV +1)
You are partially covered in icy blue scales. (AC +2)
You are weak. (Str -2)


Message History

The sun demon is moderately wounded.
The sun demon hits you!
You are engulfed in flames!!
The kobold demonologist casts a spell.
Unknown command.
You can feel time thicken for a moment.
You kill the sixfirhy!
You feel somewhat more hungry.
Cheibriados lowers the support of your attributes as your movement quickens.
The sun demon hits you!
You are engulfed in flames!
* * * LOW HITPOINT WARNING * * *
The kobold demonologist miscasts a cantrip.
You fail to use your ability.
The sun demon hits you!
* * * LOW HITPOINT WARNING * * *
You are engulfed in flames!
* * * LOW HITPOINT WARNING * * *
The kobold demonologist miscasts a cantrip.
You fail to use your ability.
The sun demon misses you. The sun demon hits you!!
You die...
Xom giggles madly!

#..# #..# #..#
.###########..#####
....................
....................
#######..###########
#..#######
#3@.......
......K........
...............
...############ .. .


You could see a sun demon and a kobold demonologist.

Vanquished Creatures
  A hydra (D:11)
  4 two-headed ogres
  5 orc knights (Bailey)
  A cyclops (D:11)
  A troll (D:10)
  A hornet (D:9)
  2 hippogriffs
  Sigmund (D:6)
  4 yaks (D:11)
  A wyvern (D:11)
  A vampire (D:12)
  A wraith (D:7)
  A hungry ghost (D:11)
  A water moccasin (D:8)
  6 black bears
  3 ice beasts
  8 orc warriors
  A sky beast (D:3)
  4 phantoms
  5 ogres
  8 centaurs
  2 gnoll sergeants
  5 bullfrogs
  3 scorpions
  2 howler monkeys (D:9)
  7 crimson imps
  2 bullfrog zombies (D:6)
  4 centaur zombies
  9 orc priests
  An iron imp (D:8)
  2 jellies
  A bullfrog skeleton (D:10)
  A gnoll shaman (D:9)
  5 hounds
  3 centaur skeletons
  14 orc wizards
  An iguana (D:6)
  9 worker ants
  2 hound zombies
  A worker ant zombie (D:7)
  15 gnolls
  10 adders
  2 shadow imps
  3 oozes
  An adder skeleton (D:6)
  4 worms
  2 dart slugs
  4 leopard geckos
  74 orcs
  A ball python (D:3)
  5 giant cockroaches
  9 goblins
  4 hobgoblins
  5 quokkas
  2 bats
  3 frilled lizards
  A giant cockroach zombie (D:5)
  5 kobolds
  A leopard gecko skeleton (D:5)
  A quokka skeleton (D:7)
  3 rats
289 creatures vanquished.

Vanquished Creatures (collateral kills)
  A hound (D:5)
  10 orcs (Bailey)
  A kobold (D:2)
12 creatures vanquished.

Vanquished Creatures (others)
  An ogre (D:5)
  An adder (D:5)
  An orc (D:7)
3 creatures vanquished.

Grand Total: 304 creatures vanquished

Notes
Turn   | Place    | Note
-------+----------+-------------------------------------------
     0 | D:1      | Maedhros the Octopode Artificer began the quest for the
                  | Orb.
     0 | D:1      | Reached XP level 1. HP: 13/13 MP: 3/3
   209 | D:1      | Reached XP level 2. HP: 14/18 MP: 4/4
   457 | D:2      | Reached XP level 3. HP: 10/23 MP: 5/5
   503 | D:2      | You fall into a shaft and drop 2 floors!
   503 | D:4      | Noticed a phantom
   521 | D:4      | Reached skill level 1 in Unarmed Combat
   541 | D:4      | Gained mutation: You are weak. (Str -2) [potion of
                  | mutation]
   541 | D:4      | Gained mutation: You are partially covered in icy blue
                  | scales. (AC +2) [potion of mutation]
   541 | D:4      | Gained mutation: You are robust. (+10% HP) [potion of
                  | mutation]
   559 | D:4      | Killed a phantom
   559 | D:4      | Reached skill level 3 in Unarmed Combat
   559 | D:4      | Reached XP level 4. HP: 11/30 MP: 6/6
   559 | D:4      | Reached XP level 5. HP: 14/36 MP: 7/7
   754 | D:4      | Reached skill level 4 in Unarmed Combat
   773 | D:5      | Entered Level 5 of the Dungeon
   809 | D:4      | Noticed an ogre
  1073 | D:4      | Reached skill level 5 in Unarmed Combat
  1073 | D:4      | Reached XP level 6. HP: 26/41 MP: 8/8
  1172 | D:4      | Noticed Edmund
  1530 | D:4      | Reached skill level 6 in Unarmed Combat
  1560 | D:5      | Reached XP level 7. HP: 28/47 MP: 9/9
  1606 | D:5      | Got a crude dagger
  1611 | D:5      | Noticed a two-headed ogre
  1639 | D:5      | Killed a two-headed ogre
  1639 | D:5      | Reached skill level 7 in Unarmed Combat
  1639 | D:5      | Reached XP level 8. HP: 11/57 MP: 10/10
  1832 | D:5      | Found a burning altar of Makhleb.
  2101 | D:5      | Identified the +4 dagger of Grace {vorpal, Int+3} (You
                  | found it on level 5 of the Dungeon)
  2145 | D:5      | Found a sparkling altar of Nemelex Xobeh.
  2237 | D:6      | Found an ancient bone altar of Kikubaaqudgha.
  2281 | D:6      | Reached skill level 5 in Dodging
  2281 | D:6      | Reached skill level 8 in Unarmed Combat
  2325 | D:7      | Found Ducvof's Distillery.
  2335 | D:7      | Bought a potion of heal wounds for 70 gold pieces
  2335 | D:7      | Bought a potion of heal wounds for 70 gold pieces
  2335 | D:7      | Bought a potion of might for 56 gold pieces
  2384 | D:7      | Found Lima Sie's General Store.
  2401 | D:7      | Found Saoruide's Armour Boutique.
  2465 | D:7      | Reached XP level 9. HP: 63/66 MP: 11/11
  2477 | D:7      | Found a radiant altar of Vehumet.
  2506 | D:7      | Found Baeclyl's Book Shop.
  2557 | D:7      | Found a staircase to the Ecumenical Temple.
  2576 | Temple   | Entered the Ecumenical Temple
  2601 | Temple   | Became a worshipper of Xom the Fickle
  2643 | Temple   | XOM: divination: detect items
  2727 | D:7      | Reached skill level 5 in Fighting
  2902 | D:7      | XOM: noise
  2936 | D:7      | Found Diseyj's General Store.
  2942 | D:7      | Bought a +1 ring of evasion for 33 gold pieces
  3026 | D:7      | XOM: divination: detect creatures
  3120 | D:8      | Found a snail-covered altar of Cheibriados.
  3135 | D:8      | Fell from the grace of Xom
  3135 | D:8      | Became a worshipper of Cheibriados the Contemplative
  3395 | D:2      | Reached * piety under Cheibriados
  4505 | D:6      | Noticed Sigmund
  4513 | D:6      | Killed Sigmund
  4513 | D:6      | Reached skill level 9 in Unarmed Combat
  4547 | D:6      | Learned a level 2 spell: Slow
  4626 | D:6      | Found a bloodstained altar of Trog.
  4808 | D:9      | Found a flagged portal.
  4815 | Bailey   | Entered a bailey
  4824 | Bailey   | Reached ** piety under Cheibriados
  4917 | Bailey   | XOM: confusion
  4942 | Bailey   | Reached skill level 1 in Hexes
  4942 | Bailey   | Reached XP level 10. HP: 54/75 MP: 12/12
  4988 | Bailey   | Learned a level 4 spell: Cause Fear
  4998 | Bailey   | Noticed an orc knight
  4998 | Bailey   | Noticed an orc knight
  5049 | Bailey   | Killed an orc knight
  5077 | Bailey   | Noticed an orc knight
  5099 | Bailey   | Killed an orc knight
  5147 | Bailey   | Killed an orc knight
  5147 | Bailey   | Reached skill level 10 in Unarmed Combat
  5147 | Bailey   | Reached skill level 5 in Hexes
  5164 | Bailey   | Noticed an orc knight
  5165 | Bailey   | Noticed an orc knight
  5248 | Bailey   | Killed an orc knight
  5284 | Bailey   | Killed an orc knight
  5323 | Bailey   | XOM: god gift: scroll of random uselessness
  5358 | D:9      | Reached *** piety under Cheibriados
  5454 | D:9      | Found a shadowy altar of Dithmenos.
  5569 | D:8      | Found an opulent altar of Gozag.
  5588 | D:8      | Noticed a two-headed ogre
  5614 | D:8      | Killed a two-headed ogre
  5614 | D:8      | Reached skill level 1 in Spellcasting
  5614 | D:8      | Reached skill level 1 in Invocations
  5614 | D:8      | Reached XP level 11. HP: 81/81 MP: 11/13
  5820 | D:8      | Found a white marble altar of Elyvilon.
  5921 | D:8      | Reached **** piety under Cheibriados
  6029 | D:7      | Bought a +2 fustibalus of freezing for 429 gold pieces
  6035 | D:7      | Learned a level 4 spell: Leda's Liquefaction
  6038 | D:7      | Learned a level 2 spell: Song of Slaying
  6056 | D:8      | XOM: silly message
  6100 | D:9      | XOM: silly message
  6127 | D:9      | Got a fine rapier
  6134 | D:9      | Found an ornate altar of the Wu Jian Council.
  6155 | D:9      | XOM: silly message
  6198 | D:9      | Paralysed by a hornet for 1 turns
  6224 | D:9      | Identified the +5 rapier of the Hero {vorpal, +Inv rN++
                  | MR+} (You found it on level 9 of the Dungeon)
  6246 | D:9      | Learned a level 3 spell: Mephitic Cloud
  6288 | D:10     | Entered Level 10 of the Dungeon
  6306 | D:10     | XOM: silly message
  6441 | D:9      | Reached skill level 1 in Slings
  6581 | D:9      | Reached ***** piety under Cheibriados
  6596 | D:9      | Found a burning altar of Makhleb.
  7091 | D:11     | Noticed a two-headed ogre
  7105 | D:11     | Killed a two-headed ogre
  7120 | D:11     | XOM: 1-stop teleportation journey
  7121 | D:11     | Noticed a cyclops
  7125 | D:11     | Killed a cyclops
  7165 | D:11     | Reached skill level 1 in Earth Magic
  7217 | D:11     | Found Tumani's Jewellery Shoppe.
  7217 | D:11     | Noticed a two-headed ogre
  7312 | D:11     | Killed a two-headed ogre
  7345 | D:11     | Noticed an eight-headed hydra
  7362 | D:11     | XOM: god gift: purple potion {god gift}
  7385 | D:11     | Killed an eight-headed hydra
  7385 | D:11     | Reached skill level 5 in Spellcasting
  7385 | D:11     | Reached XP level 12. HP: 89/89 MP: 15/19
  7594 | D:12     | Found a staircase to the Orcish Mines.
  7612 | D:12     | XOM: 1-stop teleportation journey
  7634 | D:12     | Found a roughly hewn altar of Beogh.
  7693 | D:12     | Reached skill level 5 in Evocations
  7731 | D:12     | XOM: give mutation
  7731 | D:12     | Lost mutation: You are robust. (+10% HP) [Xom's mischief]
  7763 | D:12     | Noticed a sun demon
  7765 | D:12     | HP: 2/81 [sun demon[a kobold demonologist] (12)]
  7766 | D:12     | Demolished by a sun demon

Levels and vault maps discovered:
D:1:      ebering_trefoil_3fold, layout_basic, serial_rivers,
          chequers_serial_rivers_small_b, chequers_serial_rivers_micro_c,
          chequers_serial_rivers_micro_e, chequers_serial_rivers_micro_d,
          chequers_serial_rivers_small_a, minivault_24,
          chequers_serial_rivers_small_3, kennysheep_pointless_box
D:2:      layout_basic, st_stairs_5, minmay_tromino_v4_b
D:3:      layout_loops_ring, hangedman_feature_mirror
D:4:      layout_loops_ring, nicolae_overflow_hidden_temple, uniq_edmund
D:5:      layout_basic, nemelex_altar_shiori, first_ration,
          makhleb_heckhound_becter
D:6:      layout_cave_pools, trog_ov_bears_minmay, lemuel_crystal_altar,
          uniq_sigmund
D:7:      layout_loops_ring, zin_statuary, marbit_many_paths,
          minmay_temple_entry_ruins, serial_shops, nicolae_shop_waterfront,
          shop, shop, shop, shop, grunt_ogre_cave
D:8:      layout_basic, overflow_temple_1_default, slow_altar_1,
          elyvilon_altar_5, due_unseen_surprise
D:9:      layout_gridville, grunt_dithmenos_smoke, kennysheep_mini_moat,
          basic_altar, enter_bailey_3
D:10:     layout_grid_maze, david_lair_generic
D:11:     layout_rooms, serial_shops, nicolae_shop_stone
D:12:     layout_long_grid, minmay_orc_entry_temple_small, serial_shops, shop,
          nicolae_shop_crystal, uniq_josephine
Temple:   cyrus_temple_forest

Skill      XL: |  1  2  3  4  5  6  7  8  9 10 11 12 |
---------------+-------------------------------------+-----
Stealth        | 2 4 |  4.0
Unarmed Combat | 3 5 6 7 8 9 10 | 10.4
Fighting       | 3 4 6 7 |  7.0
Dodging        | 3 5 7 |  7.4
Hexes          | 1 7 8 |  8.2
Spellcasting   | 1 5 |  5.4
Invocations    | 1 4 |  4.5
Slings         | 3 |  3.5
Evocations     | 4 5 |  5.0
Earth Magic    | 2 |  2.6
Short Blades   | |  1.0

Action                   |  1- 3 |  4- 6 |  7- 9 | 10-12 || total
-------------------------+-------+-------+-------+-------++-------
Melee: Short sword       |    42 |    67 |   274 |   138 ||   521
       Constrict         |     7 |    16 |    61 |    59 ||   143
       Tentacles         |     5 |    13 |    45 |    81 ||   144
       Punch             |       |     1 |    14 |    30 ||    45
       Rapier            |       |       |       |   109 ||   109
       Unarmed           |       |       |       |    13 ||    13
       Fustibalus        |       |       |       |     2 ||     2
 Fire: Fustibalus        |       |       |       |    68 ||    68
Throw: Dart              |       |       |       |     9 ||     9
 Cast: Slow              |       |       |       |    10 ||    10
       Leda's Liquefacti |       |       |       |     6 ||     6
       Song of Slaying   |       |       |       |     5 ||     5
Invok: Slouch            |       |       |       |     2 ||     2
 Abil: Evoke Invisibilit |       |       |       |     1 ||     1
Evoke: Wand              |    14 |    11 |    16 |    26 ||    67
  Use: Potion            |     2 |       |     2 |     1 ||     5
       Scroll            |       |     2 |     9 |    16 ||    27
 Stab: Sleeping          |     2 |     2 |    18 |    20 ||    42
       Confused          |     2 |       |       |       ||     2
       Paralysed         |       |     2 |     5 |    32 ||    39
       Distracted        |       |       |     1 |     1 ||     2
       Invisible         |       |       |       |     1 ||     1
  Eat: Chunk             |       |     1 |    10 |     7 ||    18
Armor: Skin              |     4 |     6 |    34 |    13 ||    57
Dodge: Dodged            |    26 |    48 |   248 |   249 ||   571
Block: Buckler           |       |       |       |    27 ||    27

Table legend:
 A = Non-vault XP
 B = Vault XP
 C = Vault XP percentage of total XP
 D = Non-vault monster count
 E = Vault monster count
 F = Vault count percentage of total count
                 A         B        C        D         E       F
            +---------+---------+-------+---------+---------+-------
      Total |   15749 |    4633 |  22.7 |     238 |      64 |  21.2
            +---------+---------+-------+---------+---------+-------
        D:1 |      25 |       0 |   0.0 |      10 |       0 |   0.0
        D:2 |      44 |       6 |  12.0 |      15 |       3 |  16.7
        D:3 |     252 |       2 |   0.8 |      20 |       1 |   4.8
        D:4 |     523 |       0 |   0.0 |      25 |       0 |   0.0
        D:5 |    1087 |      42 |   3.7 |      22 |       1 |   4.3
        D:6 |     844 |     487 |  36.6 |      18 |       3 |  14.3
        D:7 |     593 |     170 |  22.3 |      17 |       2 |  10.5
        D:8 |    2373 |      43 |   1.8 |      25 |       1 |   3.8
        D:9 |    2252 |       7 |   0.3 |      43 |       4 |   8.5
       D:10 |     673 |       0 |   0.0 |      15 |       0 |   0.0
       D:11 |    5658 |       0 |   0.0 |      21 |       0 |   0.0
       D:12 |    1425 |     262 |  15.5 |       7 |       9 |  56.2
     Bailey |       0 |    3614 | 100.0 |       0 |      40 | 100.0
            +---------+---------+-------+---------+---------+-------
